 Seeded DCSS version 0.27-a0-562-g0d39f094a4 (webtiles) character file.

Game seed: 16989952797484863983 (custom seed)

1038 karrick the Chopper (level 8, -6/58 HPs)
             Began as a Demonspawn Gladiator on Mar 8, 2021.
             Was an Initiate of Okawaru.
             Mangled by Prince Ribbit (10 damage)
             ... on level 7 of the Dungeon.
             The game lasted 00:06:52 (5941 turns).

karrick the Chopper (Demonspawn Gladiator)          Turns: 5941, Time: 00:06:53

Health: -6/58      AC:  8    Str: 16    XL:     8   Next: 4%
Magic:  12/12      EV: 13    Int: 11    God:    Okawaru [......]
Gold:   285        SH:  4    Dex: 20    Spells: 7/7 levels left

rFire    . . .     SeeInvis .   a - +0 war axe
rCold    . . .     Faith    .   (no shield)
rNeg     . . .     Spirit   .   w - +1 leather armour {rPois}
rPois    +         Reflect  .   (helmet restricted)
rElec    .         Harm     .   f - +0 cloak
rCorr    .         Rampage  .   D - +0 pair of gloves
Will     .....                  (no boots)
Stlth    ++........             (no amulet)
HPRegen  0.19/turn              p - +6 ring of dexterity
MPRegen  0.13/turn              (no ring)

@: brilliant, attractive
A: antennae 2, sharp scales 2, condensation shield
a: Renounce Religion


You were on level 7 of the Dungeon.
You worshipped Okawaru.
Okawaru was noncommittal.
You visited 2 branches of the dungeon, and saw 8 of its levels.

You collected 285 gold pieces.

Inventory:

Hand Weapons
 a - a +0 war axe (weapon)
 q - a +5 hand axe
Missiles
 d - 3 throwing nets (quivered)
Armour
 f - a +0 cloak (worn)
 l - +0 gold dragon scales
 w - a +1 leather armour of poison resistance (worn)
 D - a +0 pair of gloves (worn)
Jewellery
 c - a ring of magical power
 p - a +6 ring of dexterity (left hand)
 r - a ring of protection from fire
 C - a ring of flight
Wands
 j - a wand of polymorph (8)
 x - a wand of mindburst (5)
Scrolls
 e - 2 scrolls of enchant weapon {unknown}
 g - 2 scrolls of identify {unknown}
 h - a scroll of fog {unknown}
 n - 2 scrolls of immolation {unknown}
 t - a scroll of enchant armour {unknown}
 v - 4 scrolls of teleportation {unknown}
 y - a scroll of blinking {unknown}
 A - a scroll of magic mapping {unknown}
 E - a scroll of random uselessness {unknown}
Potions
 b - a potion of heal wounds {unknown}
 i - 2 potions of brilliance
 k - 2 potions of attraction
 m - a potion of cancellation {unknown}
 o - a potion of curing
 s - a potion of might {unknown}
 u - a potion of mutation {unknown}
 z - 2 potions of flight {unknown}
 B - a potion of degeneration {unknown}
 F - a potion of berserk rage {unknown}


   Skills:
 + Level 3.5 Fighting
 + Level 5.8 Axes
 + Level 1.7 Throwing
 + Level 3.0 Armour
 + Level 3.6 Dodging
 + Level 1.4 Stealth
 + Level 1.3 Shields
 * Level 5.4 Invocations


You had 7 spell levels left.
You didn't know any spells.
Your spell library contained the following spells:

 Spells                   Type           Power      Damage    Failure   Level
 Animate Skeleton         Necr           0%         N/A       38%         1
 Apportation              Tloc           0%         N/A       38%         1
 Corona                   Hex            0%         N/A       38%         1
 Magic Dart               Conj           0%         1d3       38%         1
 Summon Small Mammal      Summ           0%         N/A       38%         1
 Blink                    Tloc           N/A        N/A       54%         2
 Call Imp                 Summ           0%         N/A       54%         2
 Slow                     Hex            0%         N/A       54%         2
 Conjure Flame            Conj/Fire      0%         6-21      77%         3
 Mephitic Cloud           Conj/Pois/Air  0%         N/A       77%         3


Dungeon Overview and Level Annotations

Branches:
Dungeon (7/15)             Temple (1/1) D:7

Altars:
Ashenzari
Cheibriados
Elyvilon
Fedhas
Hepliaklqana
Kikubaaqudgha
Makhleb
Nemelex Xobeh
Okawaru
Qazlal
Ru
Sif Muna
Uskayaw
Vehumet
Wu Jian
Xom
Yredelemnul
The Shining One

Shops:
D:6 :

Annotations:
D:7 Prince Ribbit


Innate Abilities, Weirdness & Mutations

You have a pair of antennae on your head.
You are mostly covered in razor-sharp scales. (AC +2, Slay +2)
A meltable shield of frost defends you. (SH +4)


Message History

Prince Ribbit hits you. Prince Ribbit hits you!
* * * LOW HITPOINT WARNING * * *
You hear some strange, mumbled words.
You are confused.
Unknown command.
It was a potion of attraction.
You feel attractive to monsters. Prince Ribbit completely misses you.
The orc warrior hits you but does no damage.
The orc priest invokes the aid of Beogh against you.
Pain shoots through your body!
* * * LOW HITPOINT WARNING * * *
Prince Ribbit misses you. Something hits you but does no damage.
It was a potion of brilliance.
You feel clever all of a sudden. The orc warrior closely misses you.
Prince Ribbit hits you.
* * * LOW HITPOINT WARNING * * *
The orc priest hits you but does no damage.
Something hits you but does no damage.
It was a potion of curing.
You feel better. The orc hits you with a +0 falchion.
* * * LOW HITPOINT WARNING * * *
Prince Ribbit closely misses you.
The orc warrior hits you but does no damage.
Something hits you but does no damage. The orc priest misses you.
Unknown command.
Prince Ribbit blinks!
Something hits you.
* * * LOW HITPOINT WARNING * * *
Prince Ribbit is pulled toward you!
Unknown command.
Okay, then.
You open the door.
An ufetubus comes into view.
You block the orc's attack.
The orc priest calls down the wrath of Beogh upon you.
The orc warrior hits you with a +0 short sword.
* * * LOW HITPOINT WARNING * * *
Prince Ribbit catches a small bird with his tongue.
Prince Ribbit hits you!
You die...

#.....#......
#.....#......
#.....#...... #####
#.....##...## ..5..
##+###.....##...##
......#................#
......#................#
......'o§o(............#
#@{.####...###+###
#Fo.####...##...##
..............#...##
#.............o'[..##
#..............#.)...
#..(...........#.....
#........##...##...##
#........##+####...# ..
....#


You could see Prince Ribbit, an orc warrior, an orc priest, an orc and an
ufetubus (asleep).

Vanquished Creatures
  Eustachio (D:4)
  An ice beast (D:6)
  2 ogres (D:6)
  A phantom (D:6)
  A scorpion (D:6)
  3 hounds
  2 jellies
  Jessica (D:2)
  Natasha (thrice) (D:2)
  2 orc wizards (D:6)
  A worker ant (D:4)
  A howler monkey zombie (D:7)
  Robin (D:2)
  7 adders
  A shadow imp (D:7)
  An ufetubus (D:3)
  An ooze (D:3)
  An adder skeleton (D:4)
  3 worms
  3 dart slugs
  2 leopard geckos (D:1)
  10 orcs
  A giant cockroach (D:1)
  14 goblins
  7 hobgoblins
  7 jackals
  2 quokkas
  A ball python skeleton (D:4)
  4 bats
  2 frilled lizards (D:1)
  A jackal skeleton (D:4)
  4 kobolds
  6 rats
98 creatures vanquished.

Notes
Turn   | Place    | Note
-------+----------+-------------------------------------------
     0 | D:1      | karrick the Demonspawn Gladiator began the quest for the
                  | Orb.
     0 | D:1      | Reached XP level 1. HP: 16/16 MP: 1/1
   209 | D:1      | Gained mutation: A meltable shield of frost defends you.
                  | (SH +4) [demonic ancestry]
   209 | D:1      | Reached XP level 2. HP: 22/22 MP: 2/2
   741 | D:1      | Found a sparkling altar of Nemelex Xobeh.
   781 | D:1      | Reached skill level 1 in Invocations
  1229 | D:2      | Reached XP level 3. HP: 25/27 MP: 4/4
  1312 | D:2      | Noticed Natasha
  1320 | D:2      | Killed Natasha
  1370 | D:2      | Found a faded altar of an unknown god.
  1376 | D:2      | Reached skill level 1 in Armour
  1406 | D:2      | Gained mutation: You are partially covered in razor-sharp
                  | scales. (AC +1, Slay +1) [demonic ancestry]
  1406 | D:2      | Reached XP level 4. HP: 17/33 MP: 5/5
  1945 | D:2      | Noticed Natasha
  1952 | D:2      | Killed Natasha
  2125 | D:2      | Noticed Jessica
  2132 | D:2      | Killed Jessica
  2133 | D:2      | Noticed Natasha
  2137 | D:2      | Gained mutation: You are mostly covered in razor-sharp
                  | scales. (AC +2, Slay +2) [demonic ancestry]
  2137 | D:2      | Reached XP level 5. HP: 39/39 MP: 6/6
  2143 | D:2      | Killed Natasha
  2144 | D:2      | Noticed Robin
  2151 | D:2      | Killed Robin
  3245 | D:4      | Noticed Eustachio
  3261 | D:4      | Killed Eustachio
  3262 | D:4      | Gained mutation: You have a pair of small antennae on your
                  | head. [demonic ancestry]
  3262 | D:4      | Reached XP level 6. HP: 46/46 MP: 8/8
  3764 | D:5      | Entered Level 5 of the Dungeon
  3796 | D:6      | Found a stormy altar of Qazlal.
  3861 | D:6      | Found an ornate altar of the Wu Jian Council.
  3947 | D:6      | Reached skill level 1 in Stealth
  3947 | D:6      | Gained mutation: You have a pair of antennae on your head.
                  | [demonic ancestry]
  3947 | D:6      | Reached XP level 7. HP: 52/52 MP: 10/10
  4114 | D:6      | Reached skill level 1 in Shields
  4127 | D:6      | Reached skill level 5 in Axes
  4140 | D:6      | Found Bolemuum's Book Emporium.
  4557 | D:6      | Found a hazy altar of Hepliaklqana.
  4638 | D:6      | Reached skill level 5 in Invocations
  5487 | D:7      | Found a staircase to the Ecumenical Temple.
  5496 | D:7      | Reached XP level 8. HP: 54/58 MP: 11/11
  5502 | Temple   | Entered the Ecumenical Temple
  5781 | Temple   | Became a worshipper of Warmaster Okawaru
  5926 | D:7      | Noticed Prince Ribbit
  5941 | D:7      | Mangled by Prince Ribbit

Illustrated notes

Levels and vault maps discovered:
D:1:      nzn_arrival_depleted_hourglass, layout_basic, serial_forest,
          infiniplex_forest_straight_2, infiniplex_forest_lined_room_2,
          infiniplex_forest_clump_medium, infiniplex_forest_end_2,
          infiniplex_forest_diagonal, infiniplex_forest_end_double,
          infiniplex_forest_join, infiniplex_forest_corner_2, roderic_lattice_a,
          nemelex_diamond_rough_becter
D:2:      layout_basic, chequers_ecumenical_altar_simple_redux, minivault_19,
          uniq_natasha, uniq_jessica, uniq_robin
D:3:      layout_loops_ring
D:4:      layout_rooms, uniq_eustachio
D:5:      lemuel_ratsnest, layout_cave_pools, nicolae_dithmenos_shadow_blocks,
          zin_statuary, lemuel_altar_in_water, uniq_sigmund
D:6:      layout_loops_ring, lemuel_round_altar, general_overflow_altar,
          nicolae_wu_jian_immortal_techniques, serial_shops, shop, minmay_holes,
          minmay_misc_feat_encased, kennysheep_potato
D:7:      layout_gridville, nicolae_overflow_hidden_temple,
          minmay_temple_entry_statues, uniq_prince_ribbit1
Temple:   regret_index_temple_generic_petals

Skill      XL: |  1  2  3  4  5  6  7 |
---------------+----------------------+-----
Dodging        | 3 |  3.6
Axes           | 3 4 5 |  5.8
Invocations    | 1 2 3 4 5 |  5.4
Armour         | 1 2 3 |  3.0
Fighting       | 3 |  3.5
Stealth        | 1 |  1.4
Shields        | 1 |  1.3
Throwing       | |  1.7

Action                   |  1- 3 |  4- 6 |  7- 9 || total
-------------------------+-------+-------+-------++-------
Melee: War axe           |    89 |    98 |   106 ||   293
       Hand axe          |       |    60 |       ||    60
  Use: Potion            |       |       |     3 ||     3
 Stab: Sleeping          |     1 |     2 |       ||     3
       Distracted        |       |       |     1 ||     1
Armor: Leather armour    |    24 |    23 |    45 ||    92
       Gold dragon scale |       |    64 |       ||    64
Dodge: Dodged            |    47 |    51 |    54 ||   152
Block: Other             |    17 |    26 |    17 ||    60

Table legend: (Time is in decaauts)
 A = Elapsed time spent in this place.
 B = Non-inter-level travel time spent in this place.
 C = Inter-level travel time spent in this place.
 D = Time resting spent in this place.
 E = Time spent auto-exploring this place.
 F = Levels seen in this place.
 G = Mean time per level.
                   A        B        C        D        E       F      G
               +--------+--------+--------+--------+--------+-----+--------+
         Total |   6031 |   5853 |    178 |    786 |   4210 |   8 |  753.9 |
       Dungeon |   5735 |   5606 |    129 |    786 |   3966 |   7 |  819.3 |
        Temple |    295 |    246 |     49 |      0 |    244 |   1 |  295.0 |
               +--------+--------+--------+--------+--------+-----+--------+

Top non-repeatable levels by time:
     D:6: 1626 daAuts
     D:2: 1247 daAuts
     D:1: 1245 daAuts
     D:3: 786 daAuts
     D:4: 573 daAuts
  Temple: 295 daAuts
     D:7: 247 daAuts
     D:5: 8 daAuts
